 Dungeon Crawl Stone Soup version 0.27.1-4-g1640c2035a (webtiles) character file.

Game seed: 17642100545458916322

3159 Crownlay the Thaumaturge (level 9, -5/45 HPs)
             Began as a Gargoyle Earth Elementalist on Nov 7, 2021.
             Was an Initiate of Vehumet.
             Slain by Joseph (10 damage)
             ... on level 7 of the Dungeon.
             The game lasted 00:14:55 (9636 turns).

Crownlay the Thaumaturge (GrEE)                     Turns: 9636, Time: 00:14:56

Health: -5/45      AC: 15    Str: 11    XL:     9   Next: 94%
Magic:  1/23       EV: 11    Int: 20    God:    Vehumet [......]
Gold:   354        SH:  0    Dex: 10    Spells: 24/28 levels left

rFire    + . .     SeeInvis .   z - +2 hunting sling (flame)
rCold    . . .     Faith    .   (no shield)
rNeg     + . .     Spirit   .   v - +2 robe {rF+}
rPois    ∞         Reflect  .   (no helmet)
rElec    +         Harm     .   f - +0 cloak
rCorr    .         Rampage  .   (no gloves)
Will     +....                  (no boots)
Stlth    ++........             D - amulet of magic regeneration
HPRegen  0.15/turn              h - +4 ring of protection
MPRegen  0.43/turn              s - ring of willpower

@: mighty
A: sickness immunity, AC +6, negative energy resistance 1, electricity
resistance, torment resistance 1, petrification resistance
a: Renounce Religion


You were on level 7 of the Dungeon.
You worshipped Vehumet.
Vehumet was noncommittal.
You visited 2 branches of the dungeon, and saw 8 of its levels.

You collected 354 gold pieces.

Inventory:

Hand Weapons
 b - a +2 vorpal long sword
 z - a +2 hunting sling of flaming (weapon)
Missiles
 x - a throwing net
 y - 44 stones
 A - 42 sling bullets (quivered ammo)
Armour
 f - a +0 cloak (worn)
 v - a +2 robe of fire resistance (worn)
Jewellery
 h - a +4 ring of protection (left hand)
 s - a ring of willpower (right hand)
 t - a ring of fire
 D - an amulet of magic regeneration (around neck)
Wands
 g - a wand of iceblast (6)
 p - a wand of polymorph (3)
 C - a wand of mindburst (13)
Scrolls
 a - 2 scrolls of immolation
 c - a scroll of noise {unknown}
 e - 4 scrolls of teleportation
 i - a scroll of fog {unknown}
 j - 3 scrolls of identify
 l - 2 scrolls of blinking
 n - a scroll of amnesia {unknown}
 q - a scroll of vulnerability {unknown}
Potions
 d - a potion of might
 m - 2 potions of mutation {unknown}
 o - 2 potions of heal wounds {unknown}
 r - a potion of attraction {unknown}
 u - a potion of lignification {unknown}
 w - a potion of curing {unknown}
 B - a potion of degeneration {unknown}


   Skills:
 - Level 1.5 Dodging
 - Level 2.1 Stealth
 * Level 10.4 Spellcasting
 - Level 0.7 Transmutations
 - Level 10.0 Earth Magic


You had 24 spell levels left.
You knew the following spells:

 Your Spells              Type           Power      Damage    Failure   Level
a - Sandblast             Erth           100%       2d20      1%          1
b - Stone Arrow           Conj/Erth      60%        3d10      2%          3

Your spell library contained the following spells:

 Spells                   Type           Power      Damage    Failure   Level
 Passwall                 Tmut/Erth      25%        N/A       1%          2
 Animate Skeleton         Necr           20%        N/A       7%          1
 Apportation              Tloc           20%        N/A       7%          1
 Corona                   Hex            11%        N/A       7%          1
 Summon Small Mammal      Summ           40%        N/A       7%          1
 Petrify                  Tmut/Erth      31%        N/A       8%          4
 Ensorcelled Hibernation  Hex/Ice        20%        N/A       10%         2
 Spider Form              Tmut/Pois      5%         N/A       17%         3
 Swiftness                Air            10%        N/A       21%         3
 Alistair's Intoxication  Tmut/Pois      7%         N/A       85%         5
 Invisibility             Hex            5%         N/A       100%        6
 Shadow Creatures         Summ           N/A        N/A       100%        6


Dungeon Overview and Level Annotations

Branches:
Dungeon (7/15)             Temple (1/1) D:6

Altars:
Ashenzari
Cheibriados
Dithmenos
Elyvilon
Fedhas
Gozag
Hepliaklqana
Kikubaaqudgha
Nemelex Xobeh
Okawaru
Qazlal
Ru
Sif Muna
Trog
Uskayaw
Vehumet
Wu Jian
Xom
Yredelemnul
Zin
The Shining One

Shops:
D:4 (

Portals:
Abyss: D:5

Annotations:
D:5 2 transporters, PanSaczeczos's ghost, amateur DrAE
D:7 Joseph


Innate Abilities, Weirdness & Mutations

You are immune to sickness and miasma.
Your stone body is resilient. (AC +6)
You are immune to poison.
You resist negative energy. (rN+)
You are resistant to electric shocks. (rElec)
You are resistant to unholy torment.
You are immune to petrification.


Message History

Joseph is severely wounded.
Joseph barely misses you.
The stone arrow misses Joseph.
Joseph hits you with a +0 quarterstaff.
The stone arrow misses Joseph.
Joseph closely misses you.
Casting: Stone Arrow (dangerous; 2% risk of failure)
Confirm with . or Enter, or press ? or * to list all spells.
Aiming: Sandblast (safe; 1% risk of failure)
Press: ? - help, Shift-Dir - straight line, f/p - Joseph
Aim: Joseph, wielding a +0 quarterstaff, wearing a +3 leather armour of willpower and quivering sling bullets (severely wounded, 84% to hit)
The blast of sand hits Joseph but does no damage.
Joseph is severely wounded.
y - 46 stones Joseph hits you with a +0 quarterstaff!
Casting: Sandblast (safe; 1% risk of failure)
Confirm with . or Enter, or press ? or * to list all spells.
Aiming: Sandblast (safe; 1% risk of failure)
Press: ? - help, Shift-Dir - straight line, f/p - Joseph
Aim: Joseph, wielding a +0 quarterstaff, wearing a +3 leather armour of willpower and quivering sling bullets (severely wounded, 84% to hit)
The blast of sand misses Joseph.
y - 45 stones Joseph hits you with a +0 quarterstaff!
* * * LOW HITPOINT WARNING * * *
Casting: Sandblast (safe; 1% risk of failure)
Confirm with . or Enter, or press ? or * to list all spells.
Aiming: Sandblast (safe; 1% risk of failure)
Press: ? - help, Shift-Dir - straight line, f/p - Joseph
Aim: Joseph, wielding a +0 quarterstaff, wearing a +3 leather armour of willpower and quivering sling bullets (severely wounded, 84% to hit)
The blast of sand hits Joseph!
Joseph is almost dead.
y - 44 stones Joseph says, "I'm here to kill trespassers.
I like my job."
Joseph hits you with a +0 quarterstaff.
* * * LOW HITPOINT WARNING * * *
You don't have any such object.
Evoke which item? (* to show all) (? for menu, Esc to quit)
Okay, then.
It was a potion of might.
You feel very mighty all of a sudden. Joseph hits you with a +0 quarterstaff!
You die...

#..< #....#.#. ...#
#.#.##)##
....###.#..###. ####
#......##..#.. ((.#
#............ ...#
##........... #..
###...........#
#.@###........##<.##
#.@....###...#####
#.....## #..##
#...!### ##.##
.......# ##..#
###...#####.###
#..###...## #.#
#.### ## #.# ###


You could see Joseph.

Vanquished Creatures
  Sigmund (D:4)
  Eustachio (D:5)
  5 yaks (D:5)
  Duvessa (D:4)
  A water moccasin (D:5)
  A sky beast (D:4)
  A black bear (D:4)
  An orc warrior (D:6)
  An ogre (D:5)
  A phantom (D:4)
  A bullfrog (D:6)
  Dowan (D:4)
  4 scorpions
  A water moccasin skeleton (D:5)
  2 jellies
  The ghost of Garym the Skirmisher, a weakling DsAK of Lugonu (D:3)
  5 wights (D:4)
  A gnoll shaman (D:4)
  2 hounds
  5 orc priests
  A bullfrog skeleton (D:5)
  3 iguanas
  2 orc wizards
  A killer bee zombie (D:6)
  2 hound skeletons (D:4)
  7 gnolls (D:4)
  5 adders
  2 river rats (D:3)
  4 shadow imps
  2 white imps (D:6)
  An ufetubus (D:5)
  2 worms
  2 dart slugs
  11 orcs
  12 endoplasms
  11 giant cockroaches
  8 goblins
  9 hobgoblins
  8 jackals
  4 kobolds
  6 quokkas
  3 ball pythons
  5 bats
  6 frilled lizards
  3 rats
157 creatures vanquished.

Notes
Turn   | Place    | Note
-------+----------+-------------------------------------------
     0 | D:1      | Crownlay the Gargoyle Earth Elementalist began the quest
                  | for the Orb.
     0 | D:1      | Reached XP level 1. HP: 10/10 MP: 3/3
   195 | D:1      | Found a faded altar of an unknown god.
   215 | D:1      | Reached XP level 2. HP: 15/15 MP: 3/5
   850 | D:1      | Reached XP level 3. HP: 14/19 MP: 7/7
  1755 | D:2      | Reached XP level 4. HP: 23/24 MP: 5/9
  1763 | D:2      | Learned a level 3 spell: Stone Arrow
  2717 | D:3      | Found a runed translucent door.
  2734 | D:3      | Noticed Garym's ghost (weakling DsAK)
  3017 | D:3      | Found a runed translucent door.
  3267 | D:3      | Reached XP level 5. HP: 24/28 MP: 2/10
  3278 | D:3      | Killed Garym's ghost
  3279 | D:3      | Reached skill level 5 in Earth Magic
  3476 | D:4      | Noticed a black bear
  3484 | D:4      | Killed a black bear
  3485 | D:4      | Reached XP level 6. HP: 32/32 MP: 5/13
  3614 | D:4      | Reached skill level 5 in Spellcasting
  3863 | D:4      | Reached XP level 7. HP: 36/36 MP: 2/15
  4292 | D:4      | Noticed Duvessa
  4437 | D:4      | Found Ymunaogh's Weapon Boutique.
  4709 | D:4      | Killed Duvessa
  4888 | D:4      | Reached XP level 8. HP: 34/41 MP: 2/18
  5362 | D:4      | Noticed Sigmund
  5367 | D:4      | Killed Sigmund
  5882 | D:4      | Noticed Dowan
  5885 | D:4      | Killed Dowan
  6023 | D:5      | Entered Level 5 of the Dungeon
  6266 | D:5      | Noticed a yak
  6266 | D:5      | Noticed a yak
  6266 | D:5      | Noticed a yak
  6266 | D:5      | Noticed a yak
  6278 | D:5      | Killed a yak
  6639 | D:5      | Noticed Eustachio
  6659 | D:5      | Killed Eustachio
  6660 | D:5      | Reached XP level 9. HP: 7/45 MP: 9/21
  7071 | D:5      | Found a transporter.
  7110 | D:5      | Found a transporter.
  7128 | D:5      | Found a one-way gate to the infinite horrors of the Abyss.
  7128 | D:5      | Noticed PanSaczeczos's ghost (amateur DrAE)
  8106 | D:6      | Found a staircase to the Ecumenical Temple.
  8162 | Temple   | Entered the Ecumenical Temple
  8275 | Temple   | Became a worshipper of Vehumet
  8609 | D:6      | Reached skill level 10 in Spellcasting
  9400 | D:6      | Reached skill level 10 in Earth Magic
  9618 | D:7      | Noticed Joseph
  9636 | D:7      | Slain by Joseph

Illustrated notes

Levels and vault maps discovered:
D:1:      elethiomel_arrival_infinity_welcomes_careful_drivers, layout_basic,
          chequers_ecumenical_altar_simple_redux, minmay_pentomino_p4
D:2:      layout_loops_cross, chequers_serial_rivers_small_b
D:3:      layout_rooms, ebering_ghost_sewer_f
D:4:      layout_loops_ring, serial_shops, nicolae_inconvenience_store,
          serial_rivers, chequers_serial_rivers_small_3,
          chequers_serial_rivers_small_b, chequers_serial_rivers_micro_e,
          chequers_serial_rivers_room_b, chequers_serial_rivers_room_a,
          chequers_serial_rivers_micro_d, minmay_quadrilaterals, uniq_duvessa,
          uniq_sigmund
D:5:      layout_basic, gammafunk_ghost_abyssal_escape, uniq_eustachio
D:6:      minmay_octagon_keep, layout_basic, minmay_temple_entry_stoned_glass,
          corexii_shack
D:7:      layout_layer_cave, minmay_fractal_squares_gapless_5, uniq_joseph
Temple:   kilobyte_greek_temple

Skill      XL: |  1  2  3  4  5  6  7  8  9 |
---------------+----------------------------+-----
Earth Magic    | 4 5 6 7 8 10 | 10.0
Spellcasting   | 3 4 5 6 8 10 | 10.4
Dodging        | |  1.5
Stealth        | |  2.1
Transmutations | |  0.7

Action                   |  1- 3 |  4- 6 |  7- 9 || total
-------------------------+-------+-------+-------++-------
Melee: Dagger            |    81 |   147 |    42 ||   270
       Long sword        |       |       |    25 ||    25
 Fire: Hunting sling     |       |       |    58 ||    58
 Cast: Sandblast         |    31 |    37 |    50 ||   118
       Stone Arrow       |       |    12 |    99 ||   111
Evoke: Wand              |       |       |     3 ||     3
  Use: Scroll            |       |       |     3 ||     3
       Potion            |       |       |     1 ||     1
 Stab: Sleeping          |     5 |     8 |       ||    13
Armor: Robe              |    46 |    62 |    72 ||   180
Dodge: Dodged            |    63 |   130 |    70 ||   263
       Rpst.: Long sword |       |       |     7 ||     7
